 Dungeon Crawl Stone Soup version 0.20-a0-1089-g3fde505 (webtiles) character file.

93 Alarkh the Chopper (level 4, 0/35 HPs)
             Began as a Demonspawn Berserker on May 3, 2017.
             Was a Believer of Trog.
             Slain by an adder (5 damage)
             ... on level 2 of the Dungeon.
             The game lasted 00:01:45 (1977 turns).

Alarkh the Chopper (Demonspawn Berserker)           Turns: 1977, Time: 00:01:45

Health: 0/35       AC:  2    Str: 17    XL:     4   Next: 37%
Magic:  4/4        EV: 14    Int: 10    God:    Trog [**....]
Gold:   50         SH:  0    Dex: 12    Spells: 3/3 levels left

rFire    . . .     SeeInvis .   a - +0 hand axe
rCold    . . .     Gourm    .   (no shield)
rNeg     . . .     Faith    .   b - +0 animal skin
rPois    .         Spirit   .   (no helmet)
rElec    .         Reflect  .   (no cloak)
rCorr    .         Harm     .   (no gloves)
MR       ++...                  (no boots)
Stlth    ..........             (no amulet)
Regen    1.2/turn               l - ring of loudness (curse)
MPRegen  0.1/turn               (no ring)

@: lethally poisoned (0 -> 0), regenerating, slowed, very slow
A: repulsion field 1, powered by pain 1
a: Berserk, Trog's Hand, Burn Spellbooks, Renounce Religion


You were on level 2 of the Dungeon.
You worshipped Trog.
Trog was pleased with you.
You were hungry.

You visited 1 branch of the dungeon, and saw 2 of its levels.

You collected 50 gold pieces.

Inventory:

Hand Weapons
 a - a +0 hand axe (weapon)
Armour
 b - a +0 animal skin (worn)
Jewellery
 l - a cursed ring of loudness (left hand)
Scrolls
 d - a scroll of enchant weapon {unknown}
 g - a scroll of remove curse {unknown}
 j - a scroll of identify {unknown}
 k - a scroll of blinking {unknown}
Potions
 e - a potion of curing {unknown}
 h - a potion of brilliance {unknown}
 o - a potion of degeneration {unknown}
Comestibles
 c - 2 bread rations
 f - a royal jelly
 i - 3 meat rations
 m - 2 fruits
 n - 3 chunks of flesh


   Skills:
 - Level 3.0 Fighting
 + Level 4.7 Axes
 - Level 1.7 Armour
 - Level 1.7 Dodging


You had 3 spell levels left.
You didn't know any spells.

Dungeon Overview and Level Annotations

Branches:
Dungeon (2/15)

Altars:


Innate Abilities, Weirdness & Mutations

You are surrounded by a mild repulsion field. (EV +2)
You sometimes gain a little power by taking damage.


Message History

Your skin crawls.
You feel resistant to hostile enchantments.
You feel somewhat more hungry.
You feel sick. The adder completely misses you. The adder bites you.
You are more poisoned.
The adder poisons you!
You hit the adder.
The adder is moderately wounded.
You feel sick. The adder barely misses you. x2
You miss the adder.
The adder is moderately wounded.
You feel sick. The adder bites you.
* * * LOW HITPOINT WARNING * * *
You are more poisoned.
The adder poisons you! The adder bites you.
* * * LOW HITPOINT WARNING * * *
You hit the adder but do no damage.
The adder is moderately wounded.
You feel sick. The adder misses you. The adder bites you.
You die...

#.........# .
#.........# ###
.. #.......?.# #
..###...
#.....>...#.#
.......
..........#.##
.......
.............
..###.
#......S.(#.#####
..#
#..!..†@..#.....#
..#
#...............#
..#
######.#........#
.## #..........#
.#######.
####.#.#.###.#
.........
.......#.#
#....####
.......#.# #....#
........#.#
#....#
........#.#


You could see an adder.

Vanquished Creatures
  A gnoll (D:1)
  4 adders
  A dart slug (D:2)
  A leopard gecko (D:2)
  2 bats (D:2)
  2 giant cockroaches
  9 goblins
  8 hobgoblins (D:1)
  5 kobolds
  2 ball pythons (D:1)
  3 frilled lizards
  6 rats
44 creatures vanquished.

Vanquished Creatures (others)
  A plant (D:1)
1 creature vanquished.

Grand Total: 45 creatures vanquished

Notes
Turn   | Place    | Note
-------+----------+-------------------------------------------
     0 | D:1      | Alarkh the Demonspawn Berserker began the quest for the Orb.
     0 | D:1      | Reached XP level 1. HP: 18/18 MP: 1/1
   135 | D:1      | Reached skill level 3 in Axes
   353 | D:1      | Gained mutation: You are surrounded by a mild repulsion field. (EV +2) [demonic ancestry]
   353 | D:1      | Reached XP level 2. HP: 24/24 MP: 2/2
   646 | D:1      | Gained mutation: You sometimes gain a little power by taking damage. [demonic ancestry]
   646 | D:1      | Reached XP level 3. HP: 15/29 MP: 3/3
   838 | D:1      | Reached skill level 4 in Axes
  1681 | D:2      | Reached ** piety under Trog
  1700 | D:2      | Reached XP level 4. HP: 35/35 MP: 4/4
  1977 | D:2      | Slain by an adder

Vault maps used:
D:1:      eino_arrival_cavern_b, serial_forest, infiniplex_forest_lined_4_way,
          infiniplex_forest_clump_C, infiniplex_forest_clump_medium,
          infiniplex_forest_straight_3, infiniplex_forest_clump_curved,
          infiniplex_forest_clump_small, infiniplex_forest_lined_ring

Skill      XL: |  1  2  3 |
---------------+----------+-----
Axes           | 3 4 |  4.7
Fighting       | |  3.0
Armour         | |  1.7
Dodging        | |  1.7

Action                   |  1- 3 |  4- 6 || total
-------------------------+-------+-------++-------
Melee: Hand axe          |    88 |    30 ||   118
Invok: Berserk           |     3 |     1 ||     4
       Trog's Hand       |       |     1 ||     1
  Use: Potion            |     1 |       ||     1
  Eat: Chunk             |     3 |     4 ||     7
Armor: Animal skin       |    12 |     7 ||    19
Dodge: Dodged            |    70 |    31 ||   101
